 Dungeon Sprint DCSS version 0.19-a0-1738-gbb2db12 (webtiles) character file.

3503 Naow the Executioner (level 9, -1/124 HPs)
             Began as a Minotaur Berserker on Oct 1, 2016.
             Was a High Priest of Trog.
             Slain by a spiny frog (18 damage)
             ... in the Dungeon (Sprint IX: "|||||||||||||||||||||||||||||").
             The game lasted 00:03:42 (1189 turns).

Naow the Executioner (Minotaur Berserker)           Turns: 1189, Time: 00:03:42

Health: -1/124     AC: 11    Str: 27    XL:     9   Next: 80%
Magic:  8/8        EV: 12    Int:  7    God:    Trog [*****.]
Gold:   0          SH:  0    Dex: 13    Spells: 0 memorised, 8 levels left

rFire  . . .     SeeInvis .     o - +4 executioner's axe of the Wheel {chop, rElec}
rCold  . . .     Gourm    .     p - +1 scale mail
rNeg   . . .     Faith    .     (shield currently unavailable)
rPois  .         Spirit   .     (helmet restricted)
rElec  +         Dismiss  .     (no cloak)
rCorr  .         Reflect  .     r - +0 pair of gloves
MR     ++...     Harm     .     (no boots)
Stlth  .......... NoTele   +    (no amulet)
                                n - +3 ring of dexterity
                                m - +2 ring of protection

@: berserking, lethally poisoned (-1 -> -1), frozen, regenerating, quick
A: retaliatory headbutt, horns 2
a: Berserk, Trog's Hand, Brothers in Arms, Burn Spellbooks, Renounce Religion


You were in the Dungeon.
You worshipped Trog.
Trog was extremely pleased with you.
You were very hungry.

You visited 1 branch

Inventory:

Hand Weapons
 a - a +0 hand axe
 o - the +4 executioner's axe of the Wheel (weapon) {chop, rElec}
   (Trog gifted it to you in the Dungeon)

   It inflicts extra damage upon your enemies.
   It insulates you from electricity.
Armour
 p - a +1 scale mail (worn)
 r - a +0 pair of gloves (worn)
Jewellery
 m - a +2 ring of protection (left hand)
 n - a +3 ring of dexterity (right hand)
Wands
 l - a wand of acid (7/15)
Scrolls
 i - 4 scrolls of blinking
 k - 3 scrolls of remove curse
 t - 2 scrolls of fear
 u - a scroll of recharging
 v - 2 scrolls of enchant weapon
Potions
 d - 6 potions of curing
 e - 3 potions of heal wounds
 f - 2 potions of haste
 g - 4 potions of magic
 h - a potion of berserk rage
 j - a potion of invisibility
 q - 2 potions of brilliance
 s - a potion of agility
Comestibles
 b - 5 chunks of flesh
 c - a bread ration


   Skills:
 - Level 9.0 Fighting
 + Level 22.5 Axes
 - Level 4.4 Armour
 - Level 4.5 Dodging
 - Level 0.1 Stealth


You had 8 spell levels left.
You didn't know any spells.

Dungeon Overview and Level Annotations

Branches:
Dungeon (1/1)

Altars:
Cheibriados
Dithmenos
Elyvilon
Fedhas
Gozag
Hepliaklqana
Kikubaaqudgha
Makhleb
Nemelex Xobeh
Okawaru
Qazlal
Ru
Sif Muna
Trog
Uskayaw
Vehumet
Xom
Yredelemnul
Zin
The Shining One
Beogh
Jiyva
Lugonu


Innate Abilities, Weirdness & Mutations

You reflexively headbutt those who attack you in melee.
You have a pair of horns on your head.


Message History

The flash freeze hits you!
* * * LOW HITPOINT WARNING * * *
You are encased in ice.
You slice the rime drake!!
You feel the power of Trog in you as your rage grows.
You kill the rime drake!
Trog accepts your kill.
Your Axes skill increases to level 22!
You feel sick.
You slice the spiny frog!!
The spiny frog is severely wounded.
The spiny frog misses you. You furiously retaliate!
You headbutt the spiny frog! You slash the spiny frog!
You kill the spiny frog!
Trog accepts your kill.
You slice the spiny frog!!
The spiny frog is almost dead.
You feel sick. The spiny frog stings you!!
You die...

▓▓▓▓▓▓▓▓▓▓▓▓▓▓▓▓▓▓▓▓▓▓▓▓▓▓▓▓▓▓▓▓▓
._______________________'....)'..
▓▓▓▓▓▓▓▓▓▓▓▓▓▓▓▓▓▓▓▓▓▓▓▓▓▓▓▓▓▓▓▓▓
.................................
▓▓▓▓▓▓▓▓▓▓▓▓▓▓▓▓▓▓▓▓▓▓▓▓▓▓▓▓▓▓▓▓▓
SF....†..r.SF@..'...÷).)[.....
▓▓▓▓▓▓▓▓▓▓▓▓▓▓▓▓▓▓▓▓▓▓▓▓▓▓▓▓▓▓


You could see a black mamba, a spiny frog and a porcupine.

Vanquished Creatures
  A hydra (D)
  An ugly thing (D)
  2 spiny frogs (D)
  A komodo dragon (D)
  A rime drake (D)
  A troll (D)
  A blink frog (D)
  A hippogriff (D)
  A wraith (D)
  A basilisk (D)
  A water moccasin (D)
  An eye of draining (D)
  A wolf (D)
  2 centaurs (D)
  A crocodile (D)
  A killer bee (D)
  A hound (D)
  An orc wizard (D)
  An iguana (D)
  An adder (D)
  3 river rats (D)
  An adder zombie (D)
  A dart slug (D)
  A leopard gecko (D)
  2 orcs (D)
  2 bat skeletons (D)
  A giant cockroach (D)
  A goblin (D)
  2 rats (D)
36 creatures vanquished.

Notes
Turn   | Place    | Note
-------+----------+-------------------------------------------
     0 | D        | Naow the Minotaur Berserker began the quest for the Orb.
     0 | D        | Reached XP level 1. HP: 19/19 MP: 0/0
     6 | D        | Reached skill level 4 in Axes
     7 | D        | Reached ** piety under Trog
    22 | D        | Noticed a centaur
    33 | D        | Reached skill level 5 in Fighting
    33 | D        | Reached skill level 5 in Axes
    33 | D        | Reached XP level 2. HP: 21/29 MP: 1/1
    34 | D        | Reached *** piety under Trog
    38 | D        | Killed a centaur
    38 | D        | Reached skill level 7 in Axes
    38 | D        | Reached XP level 3. HP: 13/40 MP: 2/2
    38 | D        | Reached XP level 4. HP: 16/48 MP: 3/3
   382 | D        | Found a roughly hewn altar of Beogh.
   382 | D        | Found a snail-covered altar of Cheibriados.
   382 | D        | Found a shadowy altar of Dithmenos.
   382 | D        | Found a white marble altar of Elyvilon.
   382 | D        | Found a blossoming altar of Fedhas.
   382 | D        | Found an opulent altar of Gozag.
   383 | D        | Found a hazy altar of Hepliaklqana.
   384 | D        | Found a viscous altar of Jiyva.
   385 | D        | Found an ancient bone altar of Kikubaaqudgha.
   386 | D        | Found a corrupted altar of Lugonu.
   387 | D        | Found a burning altar of Makhleb.
   388 | D        | Found a sparkling altar of Nemelex Xobeh.
   389 | D        | Found an iron altar of Okawaru.
   390 | D        | Found a stormy altar of Qazlal.
   391 | D        | Found a sacrificial altar of Ru.
   392 | D        | Found a deep blue altar of Sif Muna.
   393 | D        | Found a bloodstained altar of Trog.
   394 | D        | Found a hide-covered altar of Uskayaw.
   395 | D        | Found a radiant altar of Vehumet.
   396 | D        | Found a shimmering altar of Xom.
   397 | D        | Found a basalt altar of Yredelemnul.
   398 | D        | Found a glowing silver altar of Zin.
   399 | D        | Found a glowing golden altar of the Shining One.
   424 | D        | Noticed a centaur
   425 | D        | Reached **** piety under Trog
   433 | D        | Killed a centaur
   433 | D        | Reached skill level 9 in Axes
   433 | D        | Reached XP level 5. HP: 39/57 MP: 4/4
   436 | D        | Reached skill level 10 in Axes
   438 | D        | Reached ***** piety under Trog
   438 | D        | Reached skill level 11 in Axes
   441 | D        | Reached XP level 6. HP: 21/63 MP: 5/5
   748 | D        | Noticed a troll
   748 | D        | Noticed a wraith
   748 | D        | Noticed a green ugly thing
   764 | D        | Killed a green ugly thing
   764 | D        | Reached skill level 15 in Axes
   764 | D        | Reached XP level 7. HP: 68/70 MP: 0/6
   768 | D        | Reached skill level 16 in Axes
   777 | D        | Killed a wraith
   777 | D        | Reached skill level 17 in Axes
   781 | D        | Killed a troll
   781 | D        | Received a gift from Trog
   781 | D        | Reached XP level 8. HP: 57/78 MP: 1/7
   788 | D        | Got a steaming executioner's axe {god gift}
   789 | D        | Identified the +4 executioner's axe of the Wheel {chop, rElec} (Trog gifted it to you in the Dungeon)
   982 | D        | Noticed a komodo dragon
   982 | D        | Noticed a blink frog
   982 | D        | Noticed a hippogriff
   984 | D        | Reached skill level 18 in Axes
   985 | D        | Noticed a spiny frog
   988 | D        | Killed a blink frog
   992 | D        | Killed a hippogriff
   992 | D        | Reached skill level 19 in Axes
   998 | D        | Killed a komodo dragon
  1001 | D        | Killed a spiny frog
  1001 | D        | Reached ****** piety under Trog
  1001 | D        | Reached skill level 20 in Axes
  1001 | D        | Reached XP level 9. HP: 46/83 MP: 8/8
  1003 | D        | Received a gift from Trog
  1163 | D        | Noticed a spiny frog
  1163 | D        | Noticed a six-headed hydra
  1163 | D        | Noticed a spiny frog
  1163 | D        | Noticed a rime drake
  1168 | D        | Noticed a black mamba
  1170 | D        | Reached skill level 21 in Axes
  1180 | D        | Killed a nine-headed hydra
  1186 | D        | Killed a rime drake
  1186 | D        | Reached skill level 22 in Axes
  1188 | D        | Killed a spiny frog
  1189 | D        | Slain by a spiny frog

Vault maps used:
D:        linesprint

Skill      XL: |  1  2  3  4  5  6  7  8  9 |
---------------+----------------------------+-----
Fighting       | 5 7 9 |  9.0
Axes           | 5 7 9 11 15 17 20 22 | 22.5
Armour         | 3 4 |  4.4
Dodging        | 3 4 |  4.5
Stealth        | |  0.1

Action                   |  1- 3 |  4- 6 |  7- 9 || total
-------------------------+-------+-------+-------++-------
Melee: Hand axe          |    20 |    31 |    15 ||    66
       Headbutt          |     6 |     8 |    10 ||    24
       Executioner's axe |       |       |    35 ||    35
Invok: Berserk           |     1 |     2 |     1 ||     4
       Trog's Hand       |       |     1 |     1 ||     2
       Brothers in Arms  |       |       |     1 ||     1
  Eat: Chunk             |       |     1 |     3 ||     4
Armor: Animal skin       |     2 |       |       ||     2
       Scale mail        |       |     4 |     7 ||    11
Dodge: Dodged            |    10 |    16 |    17 ||    43
